 Dungeon Crawl Stone Soup version 0.26-a0-663-g36e8fdb655 (webtiles) character file.

Game seed: 1387076034176014426

10 flotson the Sneak (level 2, -2/24 HPs)
             Began as a Demonspawn Delver on Oct 10, 2020.
             Splashed by Ijyb's acid (13 damage)
             ... on level 3 of the Dungeon.
             The game lasted 00:00:53 (572 turns).

flotson the Sneak (Demonspawn Delver)                Turns: 572, Time: 00:00:55

Health: -2/24      AC:  0    Str: 12    XL:     2   Next: 10%
Magic:  2/2        EV: 12    Int: 11    God:
Gold:   0          SH:  0    Dex: 14    Spells: 1/1 levels left

rFire    + . .     SeeInvis .   g - +0 spear
rCold    . . .     Faith    .   (no shield)
rNeg     . . .     Spirit   .   a - +0 leather armour
rPois    .         Reflect  .   (no helmet)
rElec    .         Harm     .   (no cloak)
rCorr    .         Rampage  .   (no gloves)
MR       .....                  (no boots)
Stlth    ++........             (no amulet)
HPRegen  0.08/turn              (no ring)
MPRegen  0.08/turn              (no ring)

@: corroded
A: fire resistance 1
a: no special abilities


You were on level 3 of the Dungeon.
You visited 1 branch of the dungeon, and saw 3 of its levels.

Inventory:

Hand Weapons
 g - a +0 spear (weapon)
Armour
 a - a +0 leather armour (worn)
Wands
 f - a wand of digging (3)
Scrolls
 b - a scroll of fog
 c - a scroll of magic mapping
 d - a scroll of fear
Potions
 e - a potion of haste


   Skills:
 + Level 3.1 Fighting
 + Level 0.5 Throwing
 + Level 0.5 Armour
 + Level 2.0 Dodging
 - Level 4.5 Stealth
 - Level 1.7 Unarmed Combat


You had one spell level left.
You didn't know any spells.
Your spell library was empty.

Dungeon Overview and Level Annotations

Branches:
Dungeon (5/15)
 Temple: D:4-7

Altars:
Qazlal
The Shining One

Annotations:
D:3 Ijyb


Innate Abilities, Weirdness & Mutations

Your flesh is heat resistant. (rF+)


Message History

You have reached level 2!
Your demonic ancestry asserts itself...
You feel resistant to heat.
Ijyb the Twisted Goblin comes into view.
She is carrying a wand of acid (11).
Ijyb shouts!
The bat closely misses you.
Found 3 gold pieces.
Found a stone staircase leading up.
You hit the bat.
You kill the bat!
You reach to attack!
You completely miss Ijyb. You hit Ijyb.
Ijyb is lightly wounded.
Ijyb barely misses you.
You hit Ijyb.
Ijyb is moderately wounded.
Ijyb zaps a wand.
The bolt of acid hits you!
Ouch! That really hurt!
The acid corrodes you!
You are splashed with acid!
Ouch! That really hurt!
You die...

####### ...
....... ....
#.....####....
#............
.<....... <.
#.#.#.#..#.
#..>g......
###@#.#....
#.........
##.#.#....
.....#... #.#
#.... ... ..$.
#.# ... ... ..


You could see Ijyb.

Vanquished Creatures
  An orc (D:3)
  A bat (D:3)
  5 jackals (D:5)
7 creatures vanquished.

Notes
Turn   | Place    | Note
-------+----------+-------------------------------------------
     0 | D:5      | flotson the Demonspawn Delver began the quest for the Orb.
     0 | D:5      | Reached XP level 1. HP: 18/18 MP: 1/1
   262 | D:5      | Found a stormy altar of Qazlal.
   522 | D:4      | Found a glowing golden altar of the Shining One.
   562 | D:4      | Noticed an ogre
   567 | D:3      | Gained mutation: Your flesh is heat resistant. (rF+)
                  | [demonic ancestry]
   567 | D:3      | Reached XP level 2. HP: 24/24 MP: 2/2
   568 | D:3      | Noticed Ijyb
   572 | D:3      | Splashed by Ijyb's acid

Illustrated notes

Levels and vault maps discovered:
D:3:      layout_basic, serial_rivers, chequers_serial_rivers_micro_c,
          chequers_serial_rivers_room_a, chequers_serial_rivers_micro_c,
          chequers_serial_rivers_small_b, chequers_ecumenical_altar_twisty,
          st_stairs_13, fountainhead, uniq_ijyb
D:4:      layout_basic, elyvilon_altar_1, old_standard_altar, temple_doors_ab
D:5:      lemuel_insect_pit, layout_basic, grunt_qazlal_clouds

Skill      XL: |  1 |
---------------+----+-----
Dodging        | 2 |  2.0
Fighting       | |  3.1
Throwing       | |  0.5
Armour         | |  0.5
Stealth        | |  4.5
Unarmed Combat | |  1.7

Action                   || total
-------------------------++-------
Melee: Spear             ||    52
 Stab: Sleeping          ||     1
Armor: Leather armour    ||    12
Dodge: Dodged            ||    40

Table legend: (Time is in decaauts)
 A = Elapsed time spent in this place.
 B = Non-inter-level travel time spent in this place.
 C = Inter-level travel time spent in this place.
 D = Time resting spent in this place.
 E = Time spent auto-exploring this place.
 F = Levels seen in this place.
 G = Mean time per level.
                   A        B        C        D        E       F      G
               +--------+--------+--------+--------+--------+-----+--------+
         Total |    576 |    576 |      0 |    395 |     72 |   3 |  192.0 |
       Dungeon |    576 |    576 |      0 |    395 |     72 |   3 |  192.0 |
               +--------+--------+--------+--------+--------+-----+--------+

Top non-repeatable levels by time:
     D:5: 523 daAuts
     D:4: 45 daAuts
     D:3: 7 daAuts
